 Dungeon Crawl Stone Soup version 0.30.0-15-g856e2d3f33 (webtiles) character file.

Game seed: 313870507054292848

37 Cheops the Cudgeller (level 3, -4/31 HPs)
             Began as a Minotaur Fighter on May 18, 2023.
             Succumbed to Robin's poison
             ... on level 2 of the Dungeon.
             The game lasted 00:01:56 (686 turns).

Cheops the Cudgeller (Minotaur Fighter)              Turns: 686, Time: 00:01:56

Health: -4/31      AC:  6    Str: 22    XL:     3   Next: 23%
Magic:  2/2        EV:  9    Int:  5    God:
Gold:   28         SH:  4    Dex:  9    Spells: 2/2 levels left

rFire   . . .        a - +0 flail
rCold   . . .        c - +0 buckler
rNeg    . . .        b - +0 scale mail
rPois   .            (helmet restricted)
rElec   .            (no cloak)
rCorr   .            (no gloves)
SInv    .            (no boots)
Will    .....        (no amulet) Stlth
                     (no ring)
HPRegen 0.25/turn    (no ring)
MPRegen 0.08/turn

%: no passive effects
@: lethally poisoned (-4 -> -24), flying
A: horns 2, retaliatory headbutt
a: no special abilities


You were on level 2 of the Dungeon.
You visited 1 branch of the dungeon, and saw 2 of its levels.

You collected 28 gold pieces.

Inventory:

Hand Weapons
 a - a +0 flail (weapon)
Armour
 b - a +0 scale mail (worn)
 c - a +0 buckler (worn)
Jewellery
 h - a ring of magical power
Scrolls
 e - 2 scrolls of teleportation {unknown}
 f - 2 scrolls of identify {unknown}
 g - a scroll of magic mapping {unknown}
 m - a scroll of torment {unknown}
Potions
 d - a potion of might
 i - a potion of berserk rage {unknown}
 j - a potion of heal wounds {unknown}
 k - a potion of curing {unknown}
 l - 2 potions of flight


   Skills:
 - Level 3.6 Fighting
 + Level 4.5 Maces & Flails
 - Level 3.6 Armour
 - Level 3.6 Shields


You had 2 spell levels left.
You didn't know any spells.
Your spell library was empty.

Dungeon Overview and Level Annotations

Branches:
Dungeon (2/15)

Altars:

Annotations:
D:2 Robin


Innate Abilities, Weirdness & Mutations

You have a pair of horns on your head.
You reflexively headbutt those who attack you in melee.


Message History

The goblin hits you with a +0 dagger. You block the goblin's attack.
Robin throws the goblin at you!
You feel very sick. Robin hits you but does no damage.
You are more poisoned.
You hit the goblin. Your headbutt misses the goblin.
The goblin is almost dead.
You feel very sick. The goblin barely misses you.
Robin's bangles clink loudly.
Robin throws the goblin at you!
You feel very sick.
A goblin comes into view. It is wielding a +0 club.
Robin hits you but does no damage.
You are lethally poisoned!
Things that are here:
a +0 club; a goblin corpse You closely miss the goblin.
Your headbutt misses the goblin.
The goblin is almost dead.
* * * LOW HITPOINT WARNING * * *
You feel very sick.
The goblin unwields a +0 club.
The goblin wields a +0 sling.
The goblin shoots a sling bullet.
The sling bullet hits you.
* * * LOW HITPOINT WARNING * * *
Robin roars a battlecry!
The goblin goes into a battle-frenzy!
The goblin hits you but does no damage.
You hit the goblin.
You kill the goblin!
* * * LOW HITPOINT WARNING * * *
You feel very sick.
Robin's horned helmet rattles.
Robin hits you but does no damage.
You are more poisoned.
The goblin shoots a sling bullet.
The sling bullet hits you but does no damage.
It was a potion of flight.
You feel very buoyant.
You fly up into the air.
You die...

########
#..g)..#
.....#@##.#
### #)##.#
#.##<#
#.#### g.#
..# ###


You could see Robin and a goblin (strong).

Vanquished Creatures
  A dart slug (D:1)
  2 endoplasms (D:1)
  A giant cockroach (D:1)
  11 goblins
  2 hobgoblins (D:1)
  2 ball pythons (D:1)
  4 bats (D:1)
  3 kobolds (D:1)
  3 rats (D:1)
29 creatures vanquished.

Notes
Turn   | Place    | Note
-------+----------+-------------------------------------------
     0 | D:1      | Cheops the Minotaur Fighter began the quest for the Orb.
     0 | D:1      | Reached XP level 1. HP: 19/19 MP: 0/0
   101 | D:1      | Reached skill level 3 in Maces & Flails
   193 | D:1      | Reached XP level 2. HP: 26/26 MP: 1/1
   464 | D:1      | Reached skill level 4 in Maces & Flails
   660 | D:2      | Reached XP level 3. HP: 30/31 MP: 2/2
   674 | D:2      | Noticed Robin
   685 | D:2      | HP: 1/31 [poisoned by Robin]
   686 | D:2      | Succumbed to Robin's poison

Illustrated notes

Levels and vault maps discovered:
D:1:      sevenhm_arrival_forest_fort_small_6, layout_rooms, serial_forest,
          infiniplex_forest_clump_long, infiniplex_forest_clump_diagonal,
          infiniplex_forest_lined_ring, infiniplex_forest_clump_curved,
          infiniplex_forest_corner_1, hangedman_decor_lopped,
          minmay_misc_feat_rows
D:2:      layout_basic, uniq_terence, uniq_robin, uniq_jessica

Skill      XL: |  1  2 |
---------------+-------+-----
Maces & Flails | 3 4 |  4.5
Fighting       | |  3.6
Armour         | |  3.6
Shields        | |  3.6

Action                     || total
---------------------------++-------
  Melee: Flail             ||    57
         Headbutt          ||     6
    Use: Potion            ||     1
 Armour: Scale mail        ||    36
  Dodge: Dodged            ||    21
  Block: Buckler           ||    12
